 Dungeon Crawl Stone Soup version 0.21.1-1-g345015f (webtiles) character file.

847 wilfster70 the Shield-Bearer (level 8, -11/63 HPs)
             Began as a Formicid Fighter on Feb 26, 2018.
             Mangled by an orc warrior
             ... wielding a +0 trident
              (13 damage)
             ... on level 6 of the Dungeon.
             The game lasted 00:10:37 (3837 turns).

wilfster70 the Shield-Bearer (Formicid Fighter)     Turns: 3837, Time: 00:10:38

Health: -11/63     AC:  7    Str: 21    XL:     8   Next: 20%
Magic:  8/8        EV:  8    Int: 13    God:
Gold:   119        SH: 10    Dex: 11    Spells: 7/7 levels left

rFire    x . .     SeeInvis +   a - +1 war axe
rCold    + . .     Gourm    .   c - +0 shield
rNeg     . . .     Faith    .   b - +0 scale mail
rPois    .         Spirit   .   (helmet unavailable)
rElec    .         Reflect  .   (no cloak)
rCorr    .         Harm     .   (no gloves)
MR       .....                  (no boots)
Stlth    ..........             (no amulet)
HPRegen  0.20/turn              n - ring of ice
MPRegen  0.11/turn              j - +4 ring of intelligence

@: no status effects
A: permanent stasis, dig shafts and tunnels, four strong arms, antennae 3
a: Dig, Shaft Self


You were on level 6 of the Dungeon.
You were hungry.

You visited 1 branch of the dungeon, and saw 6 of its levels.

You collected 119 gold pieces.

Inventory:

Hand Weapons
 a - a +1 war axe (weapon)
Missiles
 h - 35 sling bullets
Armour
 b - a +0 scale mail (worn)
 c - a +0 shield (worn)
Jewellery
 j - a +4 ring of intelligence (right hand)
 n - a ring of ice (left hand)
Scrolls
 d - a scroll of fog
 m - 2 scrolls of amnesia
 q - 3 scrolls of remove curse
Potions
 e - a potion of brilliance {unknown}
 g - a potion of ambrosia {unknown}
 k - 2 potions of heal wounds
 o - a potion of resistance {unknown}
 p - a potion of lignification {unknown}
 r - 2 potions of curing
Comestibles
 f - 7 rations
 i - a chunk of flesh


   Skills:
 + Level 5.4 Fighting
 * Level 5.7 Axes
 + Level 5.3 Armour
 + Level 5.9 Shields


You had 7 spell levels left.
You didn't know any spells.

Dungeon Overview and Level Annotations

Branches:
Dungeon (6/15)
 Temple: D:4-7

Altars:
Xom

Shops:
D:5 (


Innate Abilities, Weirdness & Mutations

You cannot be hasted, slowed, berserked, paralysed or teleported.
You can dig through walls and to a lower floor.
Your four strong arms can wield two-handed weapons with a shield.
You have a pair of large antennae on your head. (SInv)


Message History

The orc wizard is heavily wounded.
You block the orc wizard's attack.
The orc warrior hits you from afar with a trident!
You slash the orc wizard!
You kill the orc wizard!
The orc warrior hits you but does no damage.
You block the orc's attack.
The orc warrior hits you with a trident!
Things that are here:
a dagger; a robe; an orc corpse Your shield prevents you from hitting the orc warrior.
The orc hits you from afar with a trident.
* * * LOW HITPOINT WARNING * * *
The orc warrior hits you with a trident!
* * * LOW HITPOINT WARNING * * *
You slash the orc warrior!
The orc warrior is moderately wounded.
You block the orc's attack.
The orc warrior hits you with a trident!
You die...

?..........# #........
...........# #........
.######....######........
#....'....'........
#....######........
##'### #........ #.#
#........ #.# #........
#@# ######### #o#
..!...Zoo# .........#
.....)..$# .........#
.........# ..........
.........[


You could see an orc warrior, 2 orcs and a worker ant zombie.

Vanquished Creatures
  A hippogriff (D:2)
  Sigmund (D:6)
  An ogre (D:5)
  A bullfrog (D:6)
  A jelly (D:5)
  A hound (D:6)
  An orc wizard (D:6)
  An iguana (D:6)
  3 worker ants
  A howler monkey skeleton (D:4)
  11 adders
  2 shadow imps (D:5)
  3 oozes
  An adder skeleton (D:5)
  A worm (D:3)
  2 leopard geckos
  A bat (D:1)
  5 giant cockroaches
  7 goblins
  6 hobgoblins
  5 kobolds
  2 frilled lizards (D:2)
  3 rats
61 creatures vanquished.

Notes
Turn   | Place    | Note
-------+----------+-------------------------------------------
     0 | D:1      | wilfster70 the Formicid Fighter began the quest for the Orb.
     0 | D:1      | Reached XP level 1. HP: 18/18 MP: 1/1
    53 | D:1      | Reached XP level 2. HP: 20/24 MP: 2/2
   410 | D:1      | Reached XP level 3. HP: 28/29 MP: 3/3
   499 | D:1      | You fall through a shaft!
   781 | D:2      | Reached XP level 4. HP: 21/37 MP: 4/4
  1427 | D:2      | Found a shimmering altar of Xom.
  1641 | D:2      | Noticed a hippogriff
  1651 | D:2      | Killed a hippogriff
  1651 | D:2      | Reached XP level 5. HP: 15/43 MP: 5/5
  1651 | D:2      | Reached XP level 6. HP: 17/49 MP: 6/6
  2382 | D:5      | Entered Level 5 of the Dungeon
  2452 | D:5      | Reached skill level 5 in Shields
  2479 | D:5      | Noticed an ogre
  2500 | D:5      | Killed an ogre
  2500 | D:5      | Reached XP level 7. HP: 45/55 MP: 7/7
  2902 | D:5      | Reached skill level 5 in Axes
  3569 | D:5      | Found Foafuist's Antique Weapon Shop.
  3685 | D:6      | Reached skill level 5 in Fighting
  3712 | D:6      | Reached skill level 5 in Armour
  3731 | D:6      | Noticed Sigmund
  3742 | D:6      | Killed Sigmund
  3742 | D:6      | Reached XP level 8. HP: 56/62 MP: 8/8
  3836 | D:6      | HP: 2/63 [orc warrior/trident (16)]
  3837 | D:6      | Mangled by an orc warrior

Skill      XL: |  1  2  3  4  5  6  7 |
---------------+----------------------+-----
Shields        | 4 5 |  5.9
Axes           | 4 5 |  5.7
Fighting       | 4 5 |  5.4
Armour         | 4 5 |  5.3

Action                   |  1- 3 |  4- 6 |  7- 9 || total
-------------------------+-------+-------+-------++-------
Melee: War axe           |    91 |   102 |    66 ||   259
  Use: Scroll            |       |     8 |     3 ||    11
       Potion            |       |     1 |       ||     1
  Eat: Chunk             |       |     5 |     4 ||     9
Armor: Scale mail        |    37 |    45 |    19 ||   101
Dodge: Dodged            |    26 |    35 |    19 ||    80
Block: Shield            |    54 |    52 |    38 ||   144
